 Dungeon Crawl Stone Soup version 0.29-a0-350-g7790a0e70a (webtiles) character file.

Game seed: 8836603563425752559

110894 diecastcamel the Severer (level 16, 0/142 HPs)
             Began as a Palentonga Fighter on Apr 20, 2022.
             Was the Champion of the Shining One.
             Slain by a frost giant
             ... wielding a +2 battleaxe of freezing
              (16 damage)
             ... in an ice cave on Apr 22, 2022.
             The game lasted 03:51:34 (27042 turns).

diecastcamel the Severer (Palentonga Fighter)      Turns: 27042, Time: 03:51:35

Health: 0/142      AC: 33    Str: 30    XL:     16   Next: 8%
Magic:  16/16      EV:  8    Int: 11    God:    the Shining One [******]
Gold:   1320       SH: 11    Dex: 17    Spells: 15/15 levels left

rFire   + . .      SeeInvis +   b - +0 war axe (flame)
rCold   + + +      Faith    .   v - +0 kite shield
rNeg    + + +      Spirit   .   N - +0 plate armour {rC+}
rPois   +          Reflect  .   M - +2 helmet {Int+3}
rElec   +          Harm     .   t - +1 cloak
rCorr   +          Rampage  .   B - +0 pair of gloves
Will    +....                   I - +0 barding
Stlth   ..........              g - amulet of regeneration
HPRegen 1.13/turn               e - ring of protection from cold
MPRegen 0.15/turn               U - ring "Nilyxymi" {Str+3 Dex+6}

@: mighty, silenced, resistant, frozen, glowing, curled up, very slow
A: large, rugged brown scales 3, see invisible, deformed body, roll 1, armoured
tail, reflexive curl
a: Rolling Charge, Renounce Religion


You were in an ice cave.
You worshipped the Shining One.
The Shining One was exalted by your worship.
You visited 5 branches of the dungeon, and saw 25 of its levels.
You visited 1 bazaar.
You also visited: Ossuary and Ice Cave.

You collected 2784 gold pieces.
You spent 1464 gold pieces at shops.

Inventory:

Hand Weapons
 b - a +0 war axe of flaming (weapon)
 S - a +2 broad axe of pain
Missiles
 r - 12 boomerangs
Armour
 a - a scarf of repulsion
 q - the +4 plate armour of the Thoughtful Curses {rPois rN+ Int-5}
   (You took it off a hobgoblin on level 3 of the Dungeon)

   Int:       It affects your intelligence (-5).
   rPois:     It protects you from poison.
   rN:        It protects you from negative energy.
 t - a +1 cloak (worn)
 v - a +0 kite shield (worn)
 B - a +0 pair of gloves (worn)
 I - a +0 barding (worn)
 M - a +2 helmet of intelligence (worn)
 N - a +0 plate armour of cold resistance (worn)
Jewellery
 e - a ring of protection from cold (left hand)
 g - an amulet of regeneration (around neck)
 i - a ring of protection from cold
 w - a ring of protection from fire
 y - a ring of poison resistance
 C - a +6 ring of intelligence
 G - the ring "Vileoram" {rElec Str+6 Dex+4}
   (You acquired it on level 1 of the Lair of Beasts)

   [ring of strength]

   Str:       It affects your strength (+6).
   Dex:       It affects your dexterity (+4).
   rElec:     It insulates you from electricity.
 O - the ring "Moczastro" {rN+ Will+ Int+2}
   (You took it off a wight on level 8 of the Dungeon)

   [ring of positive energy]

   Int:       It affects your intelligence (+2).
   rN:        It protects you from negative energy.
   Will:      It increases your willpower.
 U - the ring "Nilyxymi" (right hand) {Str+3 Dex+6}
   (You found it on level 5 of the Lair of Beasts)

   [ring of dexterity]

   Str:       It affects your strength (+3).
   Dex:       It affects your dexterity (+6).
Wands
 d - a wand of charming (6)
 u - a wand of paralysis (2)
 D - a wand of digging (20)
 L - a wand of flame (14)
 P - a wand of mindburst (7)
 X - a wand of acid (1)
Scrolls
 c - 4 scrolls of blinking
 s - 9 scrolls of teleportation
 x - 3 scrolls of silence
 F - 9 scrolls of fear
 K - 5 scrolls of fog
 V - 2 scrolls of enchant armour
 Y - a scroll of holy word
 Z - 2 scrolls of magic mapping
Potions
 f - 6 potions of curing
 j - 2 potions of haste
 k - 4 potions of mutation
 l - a potion of berserk rage
 m - 3 potions of invisibility
 n - a potion of ambrosia
 A - 2 potions of lignification
 H - 2 potions of cancellation
 R - a potion of brilliance {unknown}
 W - 3 potions of might
Miscellaneous
 p - a phial of floods (inert)
 J - a box of beasts (inert)


   Skills:
 + Level 14.3 Fighting
 + Level 15.6 Axes
 + Level 11.2 Armour
 + Level 10.8 Dodging
 + Level 8.5 Shields
 - Level 5.0 Evocations


You had 15 spell levels left.
You didn't know any spells.
Your spell library contained the following spells:

 Spells                   Type           Power      Damage    Failure   Level
 Beastly Appendage        Tmut           0%         N/A       99%         1
 Magic Dart               Conj           0%         1d3       99%         1
 Sandblast                Erth           0%         2d4       99%         1
 Shock                    Conj/Air       0%         1d3       99%         1
 Corpse Rot               Necr/Air       0%         N/A       100%        2
 Passwall                 Tmut/Erth      0%         N/A       100%        2
 Searing Ray              Conj           0%         2d4       100%        2
 Static Discharge         Conj/Air       0%         N/A       100%        2
 Wereblood                Tmut           0%         N/A       100%        2
 Dazzling Flash           Conj/Hex       0%         N/A       100%        3
 Gell's Gravitas          Tloc           0%         N/A       100%        3
 Ozocubu's Armour         Ice            0%         N/A       100%        3
 Spider Form              Tmut/Pois      0%         N/A       100%        3
 Stone Arrow              Conj/Erth      0%         3d7       100%        3
 Swiftness                Air            0%         N/A       100%        3
 Airstrike                Air            0%         N/A       100%        4
 Fulminant Prism          Conj/Hex       0%         3d6       100%        4
 Iskenderun's Mystic Bla  Conj/Tloc      0%         2d3       100%        4
 Passage of Golubria      Tloc           0%         N/A       100%        4
 Lightning Bolt           Conj/Air       0%         1d11      100%        5
 Metabolic Englaciation   Hex/Ice        0%         N/A       100%        5
 Simulacrum               Ice/Necr       0%         N/A       100%        6
 Starburst                Conj/Fire      0%         6d3       100%        6
 Haunt                    Necr/Summ      0%         N/A       100%        7
 Maxwell's Capacitive Co  Air            0%         ∞         100%        8


Dungeon Overview and Level Annotations

Branches:
Dungeon (13/15)            Temple (1/1) D:6            Lair (6/6) D:11
 Shoals (0/4) Lair:2       Spider (3/4) Lair:2        Slime (0/5) Lair:5
    Orc (2/2) D:9             Elf (0/3) Orc:2        Vaults (0/5) D:13
Ossuary (visited)           IceCv (1/1)

Altars:
Ashenzari
Cheibriados
Dithmenos
Elyvilon
Fedhas
Gozag
Hepliaklqana
Kikubaaqudgha
Makhleb
Nemelex Xobeh
Okawaru
Qazlal
Ru
Sif Muna
Trog
Uskayaw
Vehumet
Wu Jian
Xom
Yredelemnul
Zin
The Shining One
Jiyva

Shops:
D:6 :   Orc:2 ?((?

Portals:
Hell: Lair:6

Annotations:
D:4 1 runed translucent door, Crazy Yiuf
Orc:1 1 runed translucent door, Gielil's ghost, journeyman MiBe IceCv exclusion: orange crystal statue


Innate Abilities, Weirdness & Mutations

You are completely covered in rugged brown scales. (AC +3, +7% HP)
You have supernaturally acute eyesight. (SInv)
Armour fits poorly on your strangely shaped body.
You can roll at nearby foes to attack.
You have a long armoured tail.
You curl defensively after being hit. (AC +7*)


Message History

The frost giant hits your juvenile stingshock beast with a +1 battleaxe of freezing!!
The frost giant freezes your juvenile stingshock beast.
Your juvenile stingshock beast dies!
Your juvenile stingshock beast's corpse disappears in a puff of smoke!
Magic scrolls do not work when you're silenced!
You feel protected. The frost giant barely misses you.
Unknown command.
Aiming: Dig
Press: ? - help, Q - select action, (/) - cycle Shift-Dir - straight line You can't see that place. [a rock wall.]
The rock shatters into small pieces.
A rime drake comes into view.
The frost giant hits you with a +2 battleaxe of freezing!
* * * LOW HITPOINT WARNING * * *
The ironbound frostheart calls freezing cold from the walls.
The frost grips you! You partially resist.
* * * LOW HITPOINT WARNING * * *
You are encased in ice.
Aiming: Charm
Press: ? - help, Shift-Dir - straight line, f - frost giant
Aim: a frost giant, wielding a +2 battleaxe of freezing (silenced, moderately wounded, haloed, chance to affect: 14%)
Okay, then.
You feel better.
The frost giant hits you with a +2 battleaxe of freezing!
* * * LOW HITPOINT WARNING * * *
The ironbound frostheart calls freezing cold from the walls.
The frost grips you! You partially resist.
* * * LOW HITPOINT WARNING * * *
Aiming: Paralyse
Press: ? - help, Shift-Dir - straight line, f - frost giant
Aim: a frost giant, wielding a +2 battleaxe of freezing (silenced, moderately wounded, haloed, chance to affect: 14%)
Okay, then.
Aiming: Charm
Press: ? - help, Q - select action, (/) - cycle Shift-Dir - straight line, f - frost giant
Aim: a frost giant, wielding a +2 battleaxe of freezing (silenced, moderately wounded, haloed, chance to affect: 14%)
The frost giant resists with almost no effort.
The frost giant hits you with a +2 battleaxe of freezing!
You die... # ..## ###. #### k... ##...###..## C.... #...##.)...## Ch...

#...#....)..#......
#..p#......##.....#
#≈C.....###DC...#
##C[.p........#
###@##.........##
#≈≈≈############
##≈≈≈# #≈≈≈≈#
#≈≈≈## ##≈≈.#
#..#.# ##...#
##..##


You could see 2 frost giants and 2 ironbound frosthearts.

Vanquished Creatures
  Rupert (Lair:5)
  Kirke (Spider:1)
  A frost giant (IceCv)
  A ghost moth (Spider:2)
  An emperor scorpion (Spider:2)
  A white draconian (IceCv)
  4 entropy weavers
  An ettin (Orc:1)
  A boulder beetle (D:8)
  9 hydras
  2 ice dragons (IceCv)
  A centaur warrior (D:10)
  Harold (D:9)
  6 ironbound frosthearts (IceCv)
  A catoblepas (Lair:3)
  A two-headed ogre (D:9)
  5 death yaks (Lair:6)
  3 orc high priests (Orc:2)
  A sun demon (Lair:6)
  4 skeletal warriors
  A sun moth (Spider:2)
  2 pharaoh ants (Spider:1)
  6 orb spiders
  A steelbarb worm (Spider:2)
  A lindwurm (Lair:4)
  A wizard (Lair:6)
  A deep elf pyromancer (D:10)
  5 wolf spiders
  5 orc sorcerers (Orc:2)
  5 orc knights
  5 oklob plants
  4 cyclopes
  9 ugly things
  Maurice (Orc:1)
  5 black mambas
  A torpor snail (Lair:3)
  A gargoyle (D:12)
  14 cane toads
  2 unseen horrors
  8 rime drakes
  2 orange demons (Lair:6)
  9 demonic crawlers
  13 komodo dragons
  A freezing wraith (D:10)
  An ice devil (Lair:6)
  A hellwing (Lair:6)
  2 red devils (Lair:6)
  6 meliai
  14 blink frogs
  7 trolls
  2 hornets (D:10)
  7 polar bears
  15 tarantellas
  4 slime creatures (D:12)
  Grinder (D:4)
  17 jumping spiders
  9 culicivoras
  A wraith (D:11)
  62 yaks
  6 wyverns
  Eustachio (D:5)
  4 basilisks
  6 hogs (Spider:1)
  41 redbacks
  A steam dragon (D:10)
  4 vampire mosquitoes
  2 wargs
  Edmund (D:4)
  5 hell hounds (Lair:6)
  3 acid dragons
  7 water moccasins
  22 orc warriors
  An ice beast (D:6)
  A sky beast (D:8)
  3 black bears
  8 ogres
  10 wolves
  5 centaurs
  2 phantoms
  12 bullfrogs
  2 kobold brigands
  2 scorpions
  3 gnoll sergeants
  7 necrophages
  6 water moccasin zombies (Ossuary)
  7 wights
  13 killer bees
  2 howler monkeys
  4 electric eels
  5 lava snakes (Lair:6)
  15 orc priests
  6 jellies
  14 orc wizards
  3 iguanas
  7 hell rats (Lair:5)
  3 mummies
  19 gnolls
  7 adders
  A shadow imp (D:5)
  2 white imps
  3 ufetubi
  3 adder zombies (Ossuary)
  3 worms (D:2)
  3 dart slugs
  59 orcs
  6 bats
  7 endoplasms
  7 goblins
  6 hobgoblins
  11 kobolds
  2 quokkas
  8 ball pythons
  7 frilled lizards
  2 gnoll zombies (Ossuary)
  A goblin zombie (D:6)
  4 hobgoblin zombies
  9 kobold zombies (Ossuary)
  2 orc zombies (Ossuary)
  3 rats
717 creatures vanquished.

Vanquished Creatures (collateral kills)
  A broodmother (Spider:2)
  A hydra (D:10)
  A two-headed ogre (D:7)
  A jumping spider (Spider:2)
  A culicivora (Spider:2)
5 creatures vanquished.

Vanquished Creatures (others)
  A human (Spider:1)
  A lava snake (Lair:6)
  29 fungi
  46 plants
77 creatures vanquished.

Grand Total: 799 creatures vanquished

Notes
Turn   | Place    | Note
-------+----------+-------------------------------------------
     0 | D:1      | diecastcamel the Palentonga Fighter began the quest for the
                  | Orb.
     0 | D:1      | Reached XP level 1. HP: 19/19 MP: 1/1
   259 | D:1      | Reached XP level 2. HP: 19/25 MP: 2/2
   829 | D:1      | Reached skill level 3 in Axes
   965 | D:1      | Reached XP level 3. HP: 31/31 MP: 3/3
  1645 | D:2      | Found a sacrificial altar of Ru.
  1685 | D:2      | Reached XP level 4. HP: 39/39 MP: 4/4
  2686 | D:3      | Found a faded altar of an unknown god.
  2774 | D:3      | Reached skill level 4 in Axes
  3168 | D:3      | Identified the +4 plate armour of the Thoughtful Curses
                  | {rPois rN+ Int-5}
  3400 | D:3      | Reached XP level 5. HP: 26/44 MP: 5/5
  3760 | D:4      | Reached skill level 5 in Axes
  3936 | D:4      | Reached XP level 6. HP: 23/52 MP: 6/6
  4358 | D:4      | Found a runed translucent door.
  4359 | D:4      | Noticed Crazy Yiuf
  4422 | D:5      | Entered Level 5 of the Dungeon
  4443 | D:5      | Noticed Eustachio
  4448 | D:4      | Reached skill level 5 in Fighting
  4448 | D:4      | Reached skill level 6 in Axes
  4485 | D:5      | Noticed Grinder
  4485 | D:5      | Paralysed by Grinder for 3 turns
  4494 | D:4      | Killed Grinder
  4495 | D:4      | Gained mutation: You curl defensively after being hit. (AC
                  | +7*) [Palentonga growth]
  4495 | D:4      | Reached XP level 7. HP: 57/59 MP: 7/7
  4566 | D:5      | Found the ring of the Mage {Wiz Archmagi}
  4579 | D:4      | Reached skill level 7 in Axes
  4868 | D:5      | Noticed Edmund
  4900 | D:4      | Killed Edmund
  4920 | D:5      | Reached XP level 8. HP: 67/68 MP: 8/8
  4986 | D:5      | Killed Eustachio
  4987 | D:5      | Reached skill level 1 in Dodging
  5050 | D:5      | Reached skill level 8 in Axes
  5430 | D:6      | Identified the +3 leather armour of Vanity {Harm Str+3}
  5432 | D:6      | Found Urigh's Book Shoppe.
  5557 | D:6      | Identified the +1 leather armour "Hero's Friend" {rF+ rN+
                  | Int+3}
  5697 | D:6      | Found a large runed translucent door.
  5697 | D:6      | Found a large runed translucent door.
  5811 | D:6      | Found a sand-covered staircase.
  5818 | Ossuary  | Entered an ossuary
  6100 | D:6      | Noticed an unseen horror
  6140 | D:6      | Found a large runed translucent door.
  6140 | D:6      | Found a large runed translucent door.
  6162 | D:6      | Reached skill level 9 in Axes
  6244 | D:6      | Reached XP level 9. HP: 66/75 MP: 9/9
  6404 | D:6      | Noticed a troll
  6526 | D:6      | Found a staircase to the Ecumenical Temple.
  6535 | Temple   | Entered the Ecumenical Temple
  6724 | Temple   | Became a worshipper of the Shining One
  6982 | D:7      | Noticed a two-headed ogre
  6992 | D:7      | Killed a two-headed ogre
  6993 | D:7      | Reached skill level 10 in Axes
  6993 | D:7      | Noticed an eight-headed hydra
  7450 | D:7      | Noticed a gargoyle
  7450 | D:7      | Noticed a two-headed ogre
  7450 | D:7      | Noticed a six-headed hydra
  7450 | D:7      | Identified the +7 quarterstaff "Plog" {antimagic, Str+4
                  | Int+2}
  7450 | D:7      | Noticed a troll
  7507 | D:6      | Killed a troll
  7654 | D:8      | Reached skill level 5 in Armour
  7654 | D:8      | Reached XP level 10. HP: 83/85 MP: 10/10
  7794 | D:8      | Identified the ring "Moczastro" {rN+ Will+ Int+2}
  7794 | D:8      | Reached * piety under the Shining One
  7915 | D:8      | Noticed a boulder beetle
  8617 | D:7      | Reached skill level 5 in Dodging
  8686 | D:9      | Found a staircase to the Orcish Mines.
  8784 | D:9      | Reached skill level 11 in Axes
  8802 | D:9      | Noticed a two-headed ogre
  8822 | D:9      | Killed a two-headed ogre
  8823 | D:9      | Reached skill level 1 in Evocations
  8851 | D:9      | Found a stormy altar of Qazlal.
  8860 | D:9      | Found a snail-covered altar of Cheibriados.
  8860 | D:9      | Found a glowing silver altar of Zin.
  8984 | D:9      | Noticed a cyclops
  8995 | D:9      | Killed a cyclops
  9071 | D:9      | Noticed Harold
  9196 | D:8      | Killed a boulder beetle
  9197 | D:8      | Reached XP level 11. HP: 27/95 MP: 11/11
  9425 | D:10     | Entered Level 10 of the Dungeon
  9673 | D:10     | Noticed a green ugly thing
  9752 | D:10     | Found a shadowy altar of Dithmenos.
  9753 | D:10     | Found a burning altar of Makhleb.
  9834 | D:10     | Noticed a skeletal warrior
  9897 | D:10     | Noticed an eight-headed hydra
  9899 | D:10     | Killed a skeletal warrior
 10007 | D:10     | Noticed a centaur warrior
 10035 | D:10     | Killed a centaur warrior
 10050 | D:10     | Noticed a deep elf pyromancer
 10057 | D:10     | Killed a deep elf pyromancer
 10116 | D:10     | Reached ** piety under the Shining One
 10381 | D:10     | Killed an eight-headed hydra
 10626 | D:9      | Killed Harold
 10873 | D:9      | Killed a green ugly thing
 10874 | D:9      | Reached skill level 10 in Fighting
 10874 | D:9      | Reached skill level 12 in Axes
 11014 | D:11     | Found a staircase to the Lair.
 11344 | D:11     | Reached XP level 12. HP: 89/103 MP: 12/12
 11682 | D:11     | Reached skill level 5 in Evocations
 11909 | Lair:1   | Entered Level 1 of the Lair of Beasts
 12184 | Lair:1   | Upgraded the game from 0.29-a0-341-g24ffce5b50 to
                  | 0.29-a0-344-ge2f44be95a
 12227 | Lair:1   | Identified a scroll of acquirement
 12456 | Lair:1   | Acquired the ring "Vileoram" {rElec Str+6 Dex+4}
 13008 | Lair:2   | Noticed an eight-headed hydra
 13138 | Lair:1   | Killed an eight-headed hydra
 13457 | Lair:2   | Found a staircase to the Shoals.
 13552 | Lair:2   | Found a hole to the Spider Nest.
 13553 | Lair:2   | Reached *** piety under the Shining One
 14302 | Lair:2   | Reached skill level 13 in Axes
 14783 | Lair:2   | Reached XP level 13. HP: 113/113 MP: 13/13
 15932 | Lair:4   | Reached **** piety under the Shining One
 16025 | Lair:4   | Identified the +0 leather armour of Exzoog {rF+ Int+5}
 16694 | Lair:5   | Noticed Rupert
 16710 | Lair:5   | Killed Rupert
 17511 | Lair:5   | Identified the ring "Nilyxymi" {Str+3 Dex+6}
 17666 | Lair:5   | Found a runed translucent door.
 17668 | Lair:5   | Found a viscous altar of Jiyva.
 17671 | Lair:5   | Found a staircase to the Slime Pits.
 18001 | Lair:6   | Entered Level 6 of the Lair of Beasts
 18027 | Lair:5   | Reached skill level 14 in Axes
 18282 | Lair:6   | Reached XP level 14. HP: 87/124 MP: 14/14
 18564 | Lair:6   | Found a burning altar of Makhleb.
 18564 | Lair:6   | Reached ***** piety under the Shining One
 18634 | Lair:6   | Reached skill level 10 in Armour
 18652 | Lair:6   | Found a gateway to Hell.
 19714 | Orc:1    | Entered Level 1 of the Orcish Mines
 19912 | Orc:2    | Entered Level 2 of the Orcish Mines
 19912 | Orc:2    | Found a staircase to the Elven Halls.
 20120 | Orc:1    | Noticed Maurice
 20128 | Orc:1    | Killed Maurice
 20310 | Orc:2    | Reached skill level 10 in Dodging
 20460 | Orc:2    | Found Gaesoosm's Magic Scroll Shoppe.
 20503 | Orc:2    | Reached ****** piety under the Shining One
 20675 | Orc:2    | Paralysed by an orc sorcerer for 7 turns
 20817 | Orc:2    | Reached skill level 5 in Shields
 20924 | Orc:1    | Found a runed translucent door.
 20959 | Orc:1    | Noticed Gielil's ghost (journeyman MiBe)
 21551 | Orc:2    | Found Tyvuy's Antique Weapon Shop.
 21618 | Orc:2    | Bought a scroll of blinking for 90 gold pieces
 21622 | Orc:2    | Found Poetuvay's Magic Scroll Shop.
 21626 | Orc:2    | Found Ywotaasifeh's Antique Weapon Shoppe.
 21719 | Orc:2    | Bought a scroll of blinking for 135 gold pieces
 21721 | Orc:2    | Bought a scroll of fog for 36 gold pieces
 21731 | Orc:2    | Bought a scroll of teleportation for 36 gold pieces
 21731 | Orc:2    | Bought a scroll of fog for 24 gold pieces
 21731 | Orc:2    | Bought a scroll of silence for 90 gold pieces
 21741 | Orc:2    | Bought a scroll of teleportation for 54 gold pieces
 21741 | Orc:2    | Bought a scroll of teleportation for 54 gold pieces
 21916 | D:6      | Got the Reference Book on Spatial Darkness
 22922 | D:13     | Found a gate to the Vaults.
 23006 | D:13     | Found a flickering gateway to a bazaar.
 23012 | Bazaar   | Entered a bazaar
 23014 | Bazaar   | Found Erghic's Distillery.
 23018 | Bazaar   | Found Fotit's Jewellery Boutique.
 23018 | Bazaar   | Found Baesok's Magic Scroll Boutique.
 23018 | Bazaar   | Found Cimackua's Antique Armour Boutique.
 23057 | Bazaar   | Bought a runed helmet for 142 gold pieces
 23068 | Bazaar   | Bought a shiny plate armour for 494 gold pieces
 23073 | Bazaar   | Bought a potion of might for 40 gold pieces
 23073 | Bazaar   | Bought a potion of might for 40 gold pieces
 23078 | Bazaar   | Bought a scroll of fear for 38 gold pieces
 23078 | Bazaar   | Bought a scroll of teleportation for 33 gold pieces
 23078 | Bazaar   | Bought a scroll of holy word for 82 gold pieces
 23078 | Bazaar   | Bought a scroll of magic mapping for 38 gold pieces
 23078 | Bazaar   | Bought a scroll of magic mapping for 38 gold pieces
 23187 | Spider:1 | Entered Level 1 of the Spider Nest
 23190 | Spider:1 | Noticed Kirke
 23205 | Spider:1 | Reached XP level 15. HP: 125/132 MP: 15/15
 23208 | Spider:1 | Killed Kirke
 23888 | Spider:1 | Reached skill level 15 in Axes
 24170 | Spider:1 | Upgraded the game from 0.29-a0-344-ge2f44be95a to
                  | 0.29-a0-350-g7790a0e70a
 24503 | Spider:2 | Noticed an emperor scorpion
 24538 | Spider:2 | Killed an emperor scorpion
 26302 | Spider:3 | Found a frozen archway.
 26324 | IceCv    | Entered an ice cave
 26766 | IceCv    | Reached XP level 16. HP: 122/142 MP: 16/16
 27042 | IceCv    | Slain by a frost giant

Illustrated notes

Levels and vault maps discovered:
D:1:      amcnicky_arrival_blooded_trapdoor, layout_rooms,
          minmay_close_crescents
D:2:      layout_basic, basic_altar, serial_corexii_hall,
          corexii_hall_statues_i, chequers_hall_statues_corner_a,
          chequers_hall_statues_y, chequers_hall_statues_y, minmay_lizard_pond
D:3:      layout_loops_ring, ebering_ecumenical_altar_hall, minmay_misc_feat_x,
          small_statue_intersection
D:4:      layout_loops_ring, kennysheep_generic_room_3, uniq_crazy_yiuf_cottage
D:5:      layout_cave_pools, uniq_grinder, uniq_eustachio, uniq_edmund
D:6:      layout_basic, minmay_temple_entry_antechambers,
          nicolae_ossuary_entry_giza, serial_shops, shop,
          minmay_hollow_rounded_squares
D:7:      minmay_the_grid_four_pointed_star [minmay_the_grid_triangle_9x9_empty,
          minmay_the_grid_triangle_9x9_steps,
          minmay_the_grid_triangle_9x9_zippers_vertical,
          minmay_the_grid_triangle_9x9_negative_grid,
          minmay_the_grid_prize_big_room], layout_basic
D:8:      layout_loops_ring
D:9:      layout_small_grid, gammafunk_temple_overflow_forgotten, david_orc_2,
          uniq_harold
D:10:     minmay_cut_squares, layout_basic, gammafunk_temple_overflow_pools,
          minmay_diced_spiral
D:11:     layout_basic, lair_entry_dummy
D:12:     layout_loops_ring
D:13:     layout_irregular_city, erik_vaults_2, serial_shops, bzr_entry_safe,
          demons_altar, uniq_josephine
Temple:   bh_familiar_temple
Lair:1:   layout_regular_city, serial_bayou_pond_c
Lair:2:   minmay_lair_oklob_tunnel, layout_long_grid,
          minmay_shoals_entry_centaurs, nicolae_spider_entry_tight_spaces,
          roderic_carrion_pond
Lair:3:   layout_hall_layers, hibernation_bobbens, grunt_megastairs_4
Lair:4:   layout_hall_layers, serial_bayou_shore_b, infiniplex_staircase_pool_2
Lair:5:   layout_cave_pods, slime_altar_2, chequers_serial_rivers_room_a,
          minmay_lair_oklob_items, uniq_rupert
Lair:6:   evil_forest, layout_cave_shapes, chequers_serial_rivers_room_a,
          nicolae_lair_liquid_snakes
Spider:1: layout_spider_delve, nicolae_crawler_farm, uniq_kirke
Spider:2: layout_cave_pods, hangedman_spider_tarantella_strand,
          nicolae_spider_cling_halls
Spider:3: layout_spider_delve, portal_ice_cave_entry_pillars_2
Orc:1:    layout_diamond_mine, ebering_ghost_inner_flame, uniq_maurice
Orc:2:    st_orc_elflike, layout_caves
IceCv:    ice_cave_small_giant

Skill      XL: |  1  2  3  4  5  6  7  8  9 10 11 12 13 14 15 |
---------------+----------------------------------------------+-----
Axes           | 3 4 5 6 7 9 10 11 12 13 14 15 | 15.6
Fighting       | 4 5 6 7 9 10 11 12 13 14 | 14.3
Dodging        | 2 4 5 6 8 9 10 | 10.8
Armour         | 3 5 6 7 8 9 10 11 | 11.2
Evocations     | 2 4 5 |  5.0
Shields        | 6 8 |  8.5

Action                   |  1- 3 |  4- 6 |  7- 9 | 10-12 | 13-15 | 16-18 || total
-------------------------+-------+-------+-------+-------+-------+-------++-------
Melee: War axe           |   119 |    91 |    35 |       |   607 |    21 ||   873
       Tailslap          |    10 |    15 |    67 |   157 |   322 |     7 ||   578
       Hand axe          |       |       |   323 |   718 |   314 |       ||  1355
       Flail             |       |       |       |    15 |    46 |       ||    61
       Battleaxe         |       |       |       |       |   295 |       ||   295
Throw: Dart              |       |       |       |     1 |       |       ||     1
 Abil: Rolling Charge    |    22 |    23 |    27 |    69 |   143 |       ||   284
Evoke: Wand              |       |       |     4 |    14 |    14 |     2 ||    34
       Box of beasts     |       |       |     1 |     1 |     4 |     1 ||     7
       Phial of floods   |       |       |       |       |     4 |     1 ||     5
  Use: Potion            |     1 |     1 |     1 |     6 |    11 |     5 ||    25
       Scroll            |       |     4 |     5 |    14 |    17 |     1 ||    41
 Stab: Paralysed         |       |       |     1 |       |       |       ||     1
Armor: Scale mail        |    32 |       |       |       |       |       ||    32
       Ring mail         |    28 |       |       |       |       |       ||    28
       Skin              |     1 |       |       |       |       |       ||     1
       Chain mail        |       |    13 |       |       |       |       ||    13
       Plate armour      |       |    39 |   231 |   397 |   786 |    10 ||  1463
Dodge: Dodged            |    36 |    12 |    67 |   229 |   437 |    10 ||   791
Block: Buckler           |    19 |    13 |    51 |   106 |    28 |       ||   217
       Kite shield       |       |       |       |       |   423 |     9 ||   432

Table legend: (Time is in decaauts)
 A = Elapsed time spent in this place.
 B = Non-inter-level travel time spent in this place.
 C = Inter-level travel time spent in this place.
 D = Time resting spent in this place.
 E = Time spent auto-exploring this place.
 F = Levels seen in this place.
 G = Mean time per level.
                   A        B        C        D        E       F      G
               +--------+--------+--------+--------+--------+-----+--------+
         Total |  26796 |  24012 |   2784 |   4045 |  11660 |  28 |  957.0 |
       Dungeon |  13031 |  11168 |   1863 |   1817 |   5433 |  13 | 1002.4 |
        Temple |    207 |    161 |     46 |      0 |    155 |   1 |  207.0 |
          Lair |   7769 |   7098 |    671 |   1388 |   3631 |   6 | 1294.8 |
   Spider Nest |   2797 |   2732 |     65 |    411 |   1307 |   3 |  932.3 |
  Orcish Mines |   1992 |   1854 |    138 |    270 |    869 |   2 |  996.0 |
        Bazaar |     78 |     78 |      0 |      0 |      0 |   1 |   78.0 |
       Ossuary |    220 |    220 |      0 |     19 |     53 |   1 |  220.0 |
      Ice Cave |    699 |    699 |      0 |    140 |    211 |   1 |  699.0 |
               +--------+--------+--------+--------+--------+-----+--------+

Top non-repeatable levels by time:
  Lair:2: 1839 daAuts
Spider:2: 1799 daAuts
     D:2: 1582 daAuts
  Lair:6: 1553 daAuts
     D:6: 1470 daAuts
  Lair:5: 1448 daAuts
     D:8: 1250 daAuts
  Lair:1: 1234 daAuts
    D:10: 1207 daAuts
     D:4: 1177 daAuts
     D:9: 1140 daAuts
     D:1: 1073 daAuts
     D:3: 1067 daAuts
   Orc:2: 1030 daAuts
    D:11: 978 daAuts
